Map: King Sejong Station LE

Players

blackxored - Winner!

  • Race: Zerg Zerg
  • League: Diamond

Nockman

  • Race: Zerg Zerg

VOD

Have the link to the VOD?

Description

Time

  • Played on: June 19, 2016, 5:43 p.m.
  • Length: 6:44
Show
View Real Time Build Order
Export as new Build Order

blackxored Zerg - Winner!

Build Orders: Pool First 

Get SALT Encoding   

  12  0:01  Drone  
  13  0:08  Drone  
  14  0:22  Extractor  
  14  0:25  Drone  
  14  0:32  Spawning Pool  
  13  0:40  Overlord  
  13  0:46  Drone  
  14  1:00  Drone x2  
  16  1:12  Drone  
  17  1:18  Queen  
  17  1:21  Zergling x2  
  17  1:25  Metabolic Boost  
  20  1:30  Zergling x2  
  21  1:37  Zergling x2  
  22  1:46  Overlord  
  22  2:05  Hatchery  
  21  2:09  Drone  
  21  2:11  Drone  
  23  2:22  Baneling Nest  
  22  2:28  Drone  
  22  2:29  Drone  
  24  2:38  Zergling x4  
  24  2:39  Zergling x2  
  27  2:49  Queen  
  29  2:56  Zergling x2  
  30  3:08  Overlord  
  29  3:23  Baneling x4  
  29  3:29  Zergling x10  
  34  3:47  Drone x2  
  30  4:12  Zergling x16  
  38  4:17  Overlord  
  38  4:26  Zergling x2  
  38  4:33  Queen x2  
  38  4:35  Zergling x4  
  44  4:40  Zergling x2  
  45  4:49  Zergling x10  
  45  4:50  Zergling x2  
  47  5:10  Spore Crawler  
  46  5:19  Lair  
  46  5:28  Zergling x12  
  46  5:37  Queen, Spine Crawler  
  47  5:43  Zergling x6  
  49  5:59  Zergling x8  
  44  6:15  Zergling x10  
  49  6:18  Overseer  
  49  6:43  Evolution Chamber  
Show
View Real Time Build Order
Export as new Build Order

Nockman Zerg 

Build Orders: Pool Only 

Get SALT Encoding   

  12  0:01  Drone  
  13  0:08  Drone  
  14  0:18  Overlord  
  14  0:38  Drone x3  
  17  0:47  Spawning Pool  
  16  0:50  Drone  
  17  0:58  Extractor  
  17  1:03  Drone  
  17  1:35  Roach Warren, Queen  
  17  1:38  Spine Crawler  
  17  1:47  Zergling x2  
  17  1:50  Zergling x2  
  19  1:54  Zergling x2  
  19  2:00  Zergling x2  
  21  2:05  Evolution Chamber  
  20  2:10  Drone  
  21  2:17  Burrow  
  21  2:19  Overlord  
  21  2:34  Drone  
  22  2:37  Extractor  
  22  2:41  Drone  
  22  2:51  Drone x2  
  24  2:52  Overlord  
  24  3:04  Roach  
  24  3:13  Roach  
  24  3:17  Roach  
  24  3:23  Roach x3  
  24  3:26  Roach  
  32  3:35  Roach  
  34  3:47  Overlord  
  34  3:48  Roach  
  34  3:53  Drone x2  
  34  3:54  Drone  
  37  4:08  Roach  
  37  4:10  Drone  
  37  4:12  Zerg Ground Armor Level 1  
  38  4:19  Roach  
  38  4:20  Roach  
  38  4:21  Roach x3  
  40  4:26  Roach  
  40  4:30  Overlord  
  42  4:35  Roach x5  
  42  4:42  Roach x2  
  46  4:48  Roach x3  
  46  4:51  Roach  
  46  4:52  Roach x2  
  46  5:00  Roach x4  
  46  5:02  Overlord  
  46  5:05  Roach x2  
  46  5:15  Overlord  
  46  5:16  Roach x5  
  46  5:22  Roach x2  
  46  5:31  Roach  
  46  5:34  Roach x2  
  46  5:35  Roach  
  52  5:40  Roach  
  52  5:41  Ravager x2  
  52  5:42  Ravager  
  57  5:59  Roach x9  
  51  6:11  Roach  
  51  6:12  Roach x4  
  51  6:13  Roach  
  57  6:25  Roach x2  
Tags
 
Add a new tag
Caveats
  • Supply blocks, unpowered buildings, or Contaminate may cause inaccurate times.
  • Supply counts are checked every 10 seconds.